Map: Temple gelé

Players

pupu

  • Race: Protoss Protoss
  • League: Silver

SilentBob - Winner!

  • Race: Terran Terran
  • League: Silver

VOD

Have the link to the VOD?

Description

Time

  • Played on: April 9, 2016, 4:49 a.m.
  • Length: 5:26
Show
View Real Time Build Order
Export as new Build Order

pupu Protoss 

Build Orders: 1 Gate Expand 

Get SALT Encoding   

  12  0:01  Probe (Chrono Boost)  
  13  0:11  Probe (Chrono Boost)  
  14  0:20  Pylon  
  14  0:23  Probe (Chrono Boost)  
  15  0:38  Probe (Chrono Boost)  
  15  0:40  Gateway  
  16  0:46  Assimilator  
  17  0:50  Probe (Chrono Boost)  
  17  1:00  Probe (Chrono Boost)  
  18  1:20  Nexus  
  18  1:31  Cybernetics Core  
  18  1:35  Probe (Chrono Boost)  
  19  1:45  Assimilator  
  19  1:46  Probe (Chrono Boost)  
  20  1:56  Probe (Chrono Boost)  
  21  2:07  Probe (Chrono Boost), Pylon  
  22  2:14  Warp Gate (Chrono Boost)  
  22  2:24  Pylon  
  22  2:26  Mothership Core  
  24  2:31  Probe  
  25  2:43  Twilight Council  
  25  2:47  Probe, Gateway  
  25  2:48  Probe  
  27  2:59  Probe x2  
  29  3:07  Stalker  
  29  3:09  Probe  
  29  3:11  Probe  
  33  3:16  Pylon  
  33  3:20  Probe  
  34  3:27  Charge (Chrono Boost)  
  34  3:34  Probe  
  34  3:36  Probe  
  38  3:45  Probe  
  38  3:48  Probe  
  40  3:52  Gateway  
  40  3:57  Gateway  
  38  4:07  Probe x2  
  40  4:15  Forge  
  38  4:26  Probe x2  
  38  4:29  Adept x2  
  44  4:38  Probe  
  44  4:39  Probe  
  40  4:51  Probe  
  40  4:52  Pylon  
  41  4:54  Pylon  
  41  4:56  Photon Cannon  
  36  5:15  Adept  
Show
View Real Time Build Order
Export as new Build Order

SilentBob Terran - Winner!

Build Orders:  

Get SALT Encoding   

  12  0:01  SCV  
  13  0:13  SCV  
  14  0:22  Supply Depot  
  14  0:25  SCV  
  15  0:44  SCV  
  15  0:47  Barracks  
  16  0:56  Barracks  
  16  1:05  Barracks  
  16  1:08  SCV  
  17  1:21  SCV  
  18  1:33  SCV  
  18  1:36  Supply Depot  
  19  1:48  Marine x2  
  19  1:53  Supply Depot  
  21  1:55  Marine  
  21  1:57  Orbital Command  
  22  2:09  Marine  
  22  2:13  Marine  
  24  2:22  Refinery  
  24  2:24  Marine  
  25  2:34  Barracks  
  25  2:35  Marine  
  25  2:36  Marine  
  27  2:42  Marine  
  28  2:53  Supply Depot, Marine  
  28  2:54  Marine  
  30  3:01  Marine  
  27  3:13  Marine x2  
  27  3:19  Marine  
  30  3:22  Engineering Bay, Barracks  
  30  3:24  Marine  
  31  3:30  Marine  
  31  3:32  Marine  
  33  3:39  Marine  
  34  3:42  Marine  
  35  3:54  Factory, Marine x2  
  37  3:57  Marine  
  37  4:00  SCV  
  39  4:05  Marine  
  40  4:12  SCV  
  41  4:18  Marine x4  
  45  4:27  Marine  
  46  4:36  Marine  
  47  4:49  Marine x2  
  45  5:00  Marine x3  
  46  5:07  Marine  
Tags
 
Add a new tag
Caveats
  • Supply blocks, unpowered buildings, or Contaminate may cause inaccurate times.
  • Supply counts are checked every 10 seconds.